cohdb
Replays
Latest Replays
All Replays
Popular Replays
Top Player Replays
Match Explorer
How It Works
Community
CoH3 Stats
Reddit
Sign in to upload your games and track your stats! →
Sign in with Steam
Match 47266209
Unlisted
Match 47266209
Overview
Messages
Build Orders
End
Construct Section Command Post
Selects Canadian Shock Battlegroup
Infantry Section
Dingo Light Scout Car
Infantry Section
Infantry Section
Grenade Package
Selects Attacking Spirit
Construct Platoon Command Post
Humber Armored Car
Selects Canadian Shock Section
Selects Incendiary Munitions
Vickers Machine Gun Team
Humber Armored Car
Construct Field Infirmary
Canadian Shock Section
Selects Smoke Operation
Selects Pyrotechnics
6-pounder Anti-tank Gun Team
Unlock M3 Stuart Light Tanks
Selects Demolition Engineering
Construct Company Command Post
Vickers Machine Gun Team
Crusader II Medium Tank
Canadian Shock Section
Selects Smoke Operation
Crusader II Medium Tank
Crusader II Medium Tank
Smoke Operation
Crusader II Medium Tank
Crusader II Medium Tank
Unlock M3 Grant Medium Tanks
jdnebel
Racknagor
0
0
Comments
sign in to comment!
No comments posted yet!